 Dungeon Crawl Stone Soup version 0.20.1-1-g8b1a95d (webtiles) character file.

15 mitko27 the Grave Robber (level 2, 0/19 HPs)
             Began as a Mummy Necromancer on Nov 9, 2017.
             Slain by a jackal (1 damage)
             ... on level 1 of the Dungeon on Nov 14, 2017.
             The game lasted 00:07:42 (734 turns).

mitko27 the Grave Robber (Mummy Necromancer)         Turns: 734, Time: 00:07:44

Health: 0/19       AC:  2    Str: 11    XL:     2   Next: 34%
Magic:  2/6        EV: 12    Int: 14    God:
Gold:   48         SH:  0    Dex: 12    Spells: 5/7 levels left

rFire    x . .     SeeInvis .   f - -1 hand axe (curse)
rCold    + . .     Gourm    .   (no shield)
rNeg     + + +     Faith    .   a - +0 robe
rPois    ∞         Spirit   .   (no helmet)
rElec    .         Reflect  .   (no cloak)
rCorr    .         Harm     .   (no gloves)
MR       .....                  (no boots)
Stlth    ++........             (no amulet)
Regen    0.1/turn               (no ring)
MPRegen  0.1/turn               (no ring)

@: no status effects
A: no food or potions, fire vulnerability, cold resistance 1, negative energy
resistance 3, torment resistance, unbreathing
a: no special abilities


You were on level 1 of the Dungeon.
You were not hungry.

You visited 1 branch of the dungeon, and saw 2 of its levels.

You collected 48 gold pieces.

Inventory:

Hand Weapons
 f - a cursed -1 hand axe (weapon)
Missiles
 e - 15 stones (quivered)
 g - 12 arrows
Armour
 a - a +0 robe (worn)
 c - a +0 scale mail
Scrolls
 h - a scroll of identify {unknown}
 i - a scroll of random uselessness {unknown}
Books
 b - a book of Necromancy

   Spells                             Type                      Level
   a - Pain                           Necromancy                   1
   b - Animate Skeleton               Necromancy                   1
   c - Vampiric Draining              Necromancy                   3
   d - Regeneration                   Charms/Necromancy            3
   e - Animate Dead                   Necromancy                   4
   f - Control Undead                 Necromancy                   4


   Skills:
 * Level 0.1 Axes
 + Level 1.5 Dodging
 + Level 1.8 Stealth
 + Level 3.2 Spellcasting
 + Level 4.2 Necromancy


You had 5 spell levels left.
You knew the following spells:

 Your Spells              Type           Power        Failure   Level  Hunger
a - Pain                  Necr           ##..         3%          1    N/A
b - Animate Skeleton      Necr           N/A          3%          1    N/A

Dungeon Overview and Level Annotations

Branches:
Dungeon (2/15)

Altars:


Innate Abilities, Weirdness & Mutations

You do not eat or drink.
Your flesh is vulnerable to fire.
You are immune to poison.
Your flesh is cold resistant. (rC+)
You are immune to negative energy. (rN+++)
You are immune to unholy pain and torment.
You can survive without breathing.


Message History

You closely miss the jackal. You hit the jackal but do no damage.
The jackal closely misses you. The jackal bites you.
The jackal bites you but does no damage. x2
You barely miss the jackal. You closely miss the jackal.
The jackal completely misses you.
The jackal bites you but does no damage.
The jackal closely misses you.
You closely miss the jackal. You hit the jackal.
The jackal bites you but does no damage.
The jackal bites you.
* * * LOW HITPOINT WARNING * * *
The jackal bites you but does no damage.
As you read the scroll labeled DETIJ FEEVUCW, it crumbles to dust.
The scroll dissolves into smoke.
It was a scroll of fog.
The jackal bites you.
* * * LOW HITPOINT WARNING * * *
The jackal bites you but does no damage.
The jackal bites you.
* * * LOW HITPOINT WARNING * * *
The jackal bites you.
You die...

###..###.#############
#.............Z......#
Z....#.....#########.#
#.#.......## #.#
#......#.## ########.#
########.# #........#
#.# #.######.# ####
#+# #####.# ...#
#@h§..# #... #h###.#
..... #§# #.# .....
....h.†.....# .....
............# #...
....###....## ##.# ...
#.#.## %. ..... .
#.####


You could see 2 jackals.

Vanquished Creatures
  A dart slug (D:1)
  A bat (D:2)
  A giant cockroach (D:1)
  A goblin (D:1)
  A hobgoblin (D:2)
  2 jackals (D:1)
  A kobold (D:1)
  4 rats (D:1)
12 creatures vanquished.

Notes
Turn   | Place    | Note
-------+----------+-------------------------------------------
     0 | D:1      | mitko27 the Mummy Necromancer began the quest for the Orb.
     0 | D:1      | Reached XP level 1. HP: 13/13 MP: 4/4
     3 | D:1      | Learned a level 1 spell: Animate Skeleton
   621 | D:1      | Reached XP level 2. HP: 11/19 MP: 6/6
   734 | D:1      | Slain by a jackal

Skill      XL: |  1 |
---------------+----+-----
Spellcasting   | 3 |  3.2
Axes           | |  0.1
Dodging        | |  1.5
Stealth        | |  1.8
Necromancy     | |  4.2

Action                   || total
-------------------------++-------
Melee: Hand axe          ||    29
       Unarmed           ||     8
 Cast: Pain              ||    15
       Animate Skeleton  ||     6
  Use: Scroll            ||     1
 Stab: Sleeping          ||     1
Armor: Robe              ||    14
       Scale mail        ||     2
Dodge: Dodged            ||    27
